 Dungeon Crawl Stone Soup version 0.31-a0-188-g5e087ee2ca (webtiles) character file.

Game seed: 4085497472189834780

114 qw the Skirmisher (level 4, -7/25 HPs)
             Began as a Deep Elf Hunter on June 23, 2023.
             Killed by divine providence
             ... invoked by an orc priest
              (15 damage)
             ... on level 4 of the Dungeon.
             The game lasted 00:00:41 (1955 turns).

qw the Skirmisher (Deep Elf Hunter)                 Turns: 1955, Time: 00:00:42

Health: -7/25      AC:  6    Str: 10    XL:     4   Next: 67%
Magic:  6/6        EV: 11    Int: 14    God:
Gold:   222        SH:  0    Dex: 18    Spells: 3/3 levels left

rFire   . . .        Y - +1 shortbow
rCold   . . .        (shield currently unavailable)
rNeg    . . .        l - +0 ring mail
rPois   .            h - +0 helmet
rElec   .            (no cloak)
rCorr   .            (no gloves)
SInv    .            (no boots)
Will    .....        (no amulet)
Stlth   +            (no ring)
HPRegen 0.24/turn    (no ring)
MPRegen 0.10/turn

%: no passive effects
@: no status effects
A: no striking features
a: no special abilities


You were on level 4 of the Dungeon.
You visited 1 branch of the dungeon, and saw 4 of its levels.

You collected 222 gold pieces.


   Skills:
 - Level 1.5 Fighting
 + Level 8.1 Ranged Weapons
 - Level 2.4 Dodging
 - Level 1.2 Stealth


You had 3 spell levels left.
You didn't know any spells.
Your spell library was empty.

Inventory:

Hand Weapons
 Y - a +1 shortbow (weapon)
Armour
 h - a +0 helmet (worn)
 l - a +0 ring mail (worn)
Jewellery
 k - a ring of fire
Scrolls
 i - a scroll of teleportation
Potions
 a - a potion of curing {unknown}
 b - a potion of haste {unknown}
 d - a potion of degeneration {unknown}
 e - 2 potions of cancellation
 g - a potion of enlightenment
 j - a potion of might
 m - a potion of mutation {unknown}
 n - a potion of berserk rage {unknown}

Dungeon Overview and Level Annotations

Branches:
Dungeon (4/15)             Temple (0/1) D:4

Altars:


Message History

You shoot an arrow. The arrow barely misses the iguana.
The orc shouts!
The orc closely misses you. The iguana barely misses you.
You shoot an arrow. The arrow hits the iguana.
The iguana is heavily wounded.
The iguana misses you. The orc misses you.
You shoot an arrow. The arrow hits the iguana!
The iguana is almost dead.
The iguana barely misses you. The orc hits you with a +0 dagger.
You shoot an arrow. The arrow hits the iguana.
You kill the iguana!
The orc barely misses you. x2
Your Ranged Weapons skill increases to level 8!
You shoot an arrow. The arrow hits the orc priest.
The orc priest is lightly wounded.
The orc priest hits you with a +0 war axe.
The orc hits you with a +0 short sword. The orc barely misses you.
You shoot an arrow. The arrow hits the orc priest.
The orc priest is moderately wounded.
The orc priest hits you with a +0 war axe.
The orc closely misses you. The orc hits you but does no damage.
You shoot an arrow.
The arrow closely misses the orc priest.
The orc priest hits you with a +0 war axe.
The orc misses you. The orc hits you but does no damage.
You shoot an arrow.
The arrow hits the orc priest but does no damage.
The orc priest is moderately wounded.
The orc priest hits you but does no damage.
The orc misses you. The orc closely misses you.
You shoot an arrow. The arrow hits the orc priest.
The orc priest is moderately wounded.
The orc priest completely misses you. The orc completely misses you.
The orc hits you but does no damage.
You shoot an arrow.
The arrow closely misses the orc priest.
The orc priest mumbles some strange prayers to Beogh against you.
Beogh smites you!
Ouch! That really hurt!
You die...

...#. #.#
.... #.# .
...# #.# #.
#..###.# ...
#...##.###
....
#.#....)<#
.....
##....####
#...#...#..#
#..o@.#....#
##.oo#####..#
#..... .#..
#...#...
.....
....###...
.... ##?.#
#... .. ##.
.... # .....


You could see an orc priest and 2 orcs.

Vanquished Creatures
  An iguana (D:4)
  2 adders (D:3)
  A dart slug (D:1)
  2 orcs
  3 endoplasms
  7 giant cockroaches
  8 goblins
  6 hobgoblins
  3 jackals (D:3)
  2 quokkas
  8 ball pythons
  4 bats
  4 frilled lizards
  8 kobolds
  4 rats
63 creatures vanquished.

Notes
Turn   | Place    | Note
-------+----------+-------------------------------------------
     0 | D:1      | qw the Deep Elf Hunter began the quest for the Orb.
     0 | D:1      | Reached XP level 1. HP: 12/12 MP: 3/3
     0 | D:1      | 0 ||| qw: Version: 0.3-a-9-g12657ce
     0 | D:1      | 0 ||| qw: Game counter: 3692
     0 | D:1      | 0 ||| qw: Always use a shield: true
     0 | D:1      | 0 ||| qw: God list: Okawaru
     0 | D:1      | 0 ||| qw: Allow faded altars: false
     0 | D:1      | 0 ||| qw: Do Orc after D:15 true
     0 | D:1      | 0 ||| qw: Do second Lair branch before Depths: true
     0 | D:1      | 0 ||| qw: Lair rune preference: random
     0 | D:1      | 0 ||| qw: Plans: Normal
     0 | D:1      | 0 ||| PLANNING D:1-11
   233 | D:1      | Reached XP level 2. HP: 16/16 MP: 4/4
   236 | D:1      | Reached skill level 6 in Ranged Weapons
   241 | D:1      | 241 ||| FLEEEEING.
   676 | D:1      | Reached XP level 3. HP: 20/20 MP: 5/5
   694 | D:1      | 694 ||| UPGRADING to +0 helmet.
   699 | D:1      | 699 ||| READING scroll labelled CIEJEI KEFEKHA.
   700 | D:1      | 700 ||| READING 2 scrolls labelled GUIL WEHUNYVA.
   703 | D:1      | 703 ||| DRINKING 2 blue potions.
   704 | D:1      | 704 ||| DRINKING 2 ruby potions.
   705 | D:1      | 705 ||| DROPPING scroll of butterflies.
   930 | D:2      | Reached skill level 7 in Ranged Weapons
  1386 | D:2      | 1386 ||| READING scroll labelled LENUOG OSOU.
  1387 | D:2      | 1387 ||| DRINKING 3 metallic ruby potions.
  1539 | D:3      | Reached XP level 4. HP: 25/25 MP: 6/6
  1778 | D:3      | 1778 ||| UPGRADING to +0 ring mail.
  1788 | D:3      | 1788 ||| DROPPING +0 leather armour.
  1789 | D:3      | 1789 ||| READING scroll labelled HIGELA YTEPNUV.
  1934 | D:4      | Found a staircase to the Ecumenical Temple.
  1935 | D:4      | 1935 ||| PLANNING TEMPLE
  1950 | D:4      | Reached skill level 8 in Ranged Weapons
  1955 | D:4      | Killed from afar by an orc priest

Levels and vault maps discovered:
D:1:      eino_arrival_druids_welcome, layout_basic, minmay_misc_feat_enclosed,
          minmay_tetromino_t2
D:2:      layout_basic
D:3:      layout_rooms
D:4:      layout_basic, minmay_temple_entry_arrows,
          hangedman_abyss_or_decor_lesser_grid, uniq_edmund, uniq_ijyb

Skill      XL: |  1  2  3  4 |
---------------+-------------+-----
Ranged Weapons | 6 7 8 |  8.1
Fighting       | |  1.5
Dodging        | |  2.4
Stealth        | |  1.2

Action                     |  1- 3 |  4- 6 || total
---------------------------+-------+-------++-------
   Fire: Shortbow          |   104 |    32 ||   136
    Use: Scroll            |     3 |     1 ||     4
         Potion            |     3 |       ||     3
 Armour: Leather armour    |     4 |       ||     4
         Ring mail         |       |     4 ||     4
  Dodge: Dodged            |     6 |    15 ||    21

Table legend:
 A = Non-vault XP
 B = Vault XP
 C = Vault XP percentage of total XP
 D = Non-vault monster count
 E = Vault monster count
 F = Vault count percentage of total count
                 A         B        C        D         E       F
            +---------+---------+-------+---------+---------+-------
      Total |     164 |       0 |   0.0 |      63 |       0 |   0.0
            +---------+---------+-------+---------+---------+-------
        D:1 |      42 |       0 |   0.0 |      25 |       0 |   0.0
        D:2 |      33 |       0 |   0.0 |      20 |       0 |   0.0
        D:3 |      47 |       0 |   0.0 |      15 |       0 |   0.0
        D:4 |      42 |       0 |   0.0 |       3 |       0 |   0.0
            +---------+---------+-------+---------+---------+-------
